 Dungeon Crawl Stone Soup version 0.28-a0-687-gb91baff9cc (webtiles) character file.

Game seed: 4109043493143057465

2 ytrimaz the Fighter (level 1, -6/26 HPs)
             Began as a Gnoll Wanderer on Oct 19, 2021.
             Succumbed to a kobold's poison
             ... on level 2 of the Dungeon.
             The game lasted 00:00:30 (136 turns).

ytrimaz the Fighter (Gnoll Wanderer)                 Turns: 136, Time: 00:00:31

Health: -6/26      AC:  2    Str: 13    XL:     1   Next: 30%
Magic:  1/1        EV: 10    Int: 10    God:
Gold:   2          SH:  8    Dex: 10    Spells: 0/0 levels left

rFire   . . .      SeeInvis .   a - +0 club
rCold   . . .      Faith    .   e - +0 kite shield
rNeg    . . .      Spirit   .   d - +0 robe
rPois   .          Reflect  .   (no helmet)
rElec   .          Harm     .   (no cloak)
rCorr   .          Rampage  .   (no gloves)
Will    .....                   (no boots)
Stlth   +.........              (no amulet)
HPRegen 0.08/turn               (no ring)
MPRegen 0.07/turn               (no ring)

@: lethally poisoned (-6 -> -46)
A: fangs 1, strong nose, distributed training
a: no special abilities


You were on level 2 of the Dungeon.
You visited 1 branch of the dungeon, and saw 2 of its levels.

You collected 2 gold pieces.

Inventory:

Hand Weapons
 a - a +0 club (weapon)
Armour
 d - a +0 robe (worn)
 e - a +0 kite shield (worn)
Scrolls
 c - a scroll of teleportation
 f - a scroll of identify {unknown}
Potions
 b - a potion of lignification


   Skills:
 + Level 8.4 Fighting
 + Level 0.0 Short Blades
 + Level 0.0 Long Blades
 + Level 0.0 Axes
 + Level 0.0 Maces & Flails
 + Level 0.0 Polearms
 + Level 0.0 Staves
 + Level 0.0 Slings
 + Level 0.0 Bows
 + Level 0.0 Crossbows
 + Level 0.0 Throwing
 + Level 0.0 Armour
 + Level 2.3 Dodging
 + Level 0.0 Stealth
 + Level 4.4 Shields
 + Level 6.4 Unarmed Combat
 + Level 0.0 Spellcasting
 + Level 0.0 Conjurations
 + Level 0.0 Hexes
 + Level 0.0 Summonings
 + Level 0.0 Necromancy
 + Level 0.0 Translocations
 + Level 0.0 Transmutations
 + Level 0.0 Fire Magic
 + Level 0.0 Ice Magic
 + Level 0.0 Air Magic
 + Level 0.0 Earth Magic
 + Level 0.0 Poison Magic
 + Level 0.1 Invocations
 + Level 0.0 Evocations


You couldn't memorise any spells.
You didn't know any spells.
Your spell library was empty.

Dungeon Overview and Level Annotations

Branches:
Dungeon (1/15)

Altars:


Innate Abilities, Weirdness & Mutations

You have very sharp teeth.
Your uncanny sense of smell can sniff out nearby items.
Your experience applies equally to all skills.


Message History

Your library has no spells.
You now have 2 gold pieces.
HP restored.
Found 31 stones.
f - a scroll labelled CYVAGOXONU You fall into a shaft and drop 1 floor!
The shaft crumbles and collapses. 2 kobolds come into view.
The kobold shouts!
The kobold shouts!
A kobold comes into view.
It is wielding a +1 short sword of venom.
You barely miss the kobold. The kobold misses you.
You barely miss the kobold. The kobold misses you.
The kobold hits you with a +0 dagger.
You closely miss the kobold. You block the kobold's attack.
The kobold barely misses you. x2
You hit the kobold.
The kobold is moderately wounded.
The kobold barely misses you. The kobold misses you. x2
You hit the kobold but do no damage. You bite the kobold, but do no damage.
The kobold is moderately wounded.
You block the kobold's attack. The kobold hits you but does no damage.
You miss the kobold.
The kobold is moderately wounded.
The kobold barely misses you. The kobold closely misses you.
The kobold hits you with a +1 short sword of venom.
You are poisoned.
The kobold barely misses you. You block the kobold's attack.
You hit the kobold but do no damage.
The kobold is moderately wounded.
You feel very sick.
The kobold hits you with a +1 short sword of venom.
You are more poisoned.
The kobold hits you with a +0 dagger. The kobold hits you but does no damage.
The kobold hits you with a +1 short sword of venom.
* * * LOW HITPOINT WARNING * * *
You are more poisoned.
You closely miss the kobold. Your bite misses the kobold.
The kobold is moderately wounded.
You die...

...........# ##
...........#...
...........#..
#...........
.#.........#
...........# # .
.......K...#.#...
......K@.......#
.#....K......##
##########..# ##
∆


You could see 3 kobolds.

Vanquished Creatures
  An endoplasm (D:1)
  A frilled lizard (D:1)
2 creatures vanquished.

Notes
Turn   | Place    | Note
-------+----------+-------------------------------------------
     0 | D:1      | ytrimaz the Gnoll Wanderer began the quest for the Orb.
     0 | D:1      | ytrimaz set off with the following items: a +0 club, a
                  | potion of lignification, a scroll of teleportation, a +0
                  | robe, a +0 kite shield
     0 | D:1      | Reached XP level 1. HP: 26/26 MP: 1/1
   125 | D:1      | You fall into a shaft and drop 1 floor!
   136 | D:2      | Succumbed to a kobold's poison

Illustrated notes

Levels and vault maps discovered:
D:1:      elethiomel_arrival_quiet, layout_loops_ring,
          shapermc_ecumenical_altar_gd
D:2:      layout_rooms, skrybe_limestone_x

Action                   || total
-------------------------++-------
Melee: Club              ||    13
       Bite              ||     2
Armor: Robe              ||     2
Dodge: Dodged            ||    13
Block: Kite shield       ||     3

Table legend: (Time is in decaauts)
 A = Elapsed time spent in this place.
 B = Non-inter-level travel time spent in this place.
 C = Inter-level travel time spent in this place.
 D = Time resting spent in this place.
 E = Time spent auto-exploring this place.
 F = Levels seen in this place.
 G = Mean time per level.
                   A        B        C        D        E       F      G
               +--------+--------+--------+--------+--------+-----+--------+
         Total |    141 |    141 |      0 |      0 |    107 |   2 |   70.5 |
       Dungeon |    141 |    141 |      0 |      0 |    107 |   2 |   70.5 |
               +--------+--------+--------+--------+--------+-----+--------+

Top non-repeatable levels by time:
     D:1: 127 daAuts
     D:2: 14 daAuts
